 Dungeon Crawl Stone Soup version 0.28.0-49-g6dfe1f597d (webtiles) character file.

Game seed: 6288664572091620743

655 mortz the Gusty (level 7, -2/54 HPs)
             Began as a Tengu Air Elementalist on May 11, 2022.
             Succumbed to a kobold brigand's curare-tipped dart
             ... on level 5 of the Dungeon on May 12, 2022.
             The game lasted 00:28:21 (6092 turns).

mortz the Gusty (Tengu Air Elementalist)            Turns: 6092, Time: 00:28:22

Health: -2/54      AC: 23    Str:  8    XL:     7   Next: 54%
Magic:  10/15      EV:  2    Int: 18    God:
Gold:   42         SH:  0    Dex: 14    Spells: 2/15 levels left

rFire   . . .      SeeInvis .   z - staff of air {!astaff}
rCold   . . .      Faith    .   (no shield)
rNeg    . . .      Spirit   .   (armour currently unavailable)
rPois   +          Reflect  .   (helmet currently unavailable)
rElec   +          Harm     .   (cloak currently unavailable)
rCorr   .          Rampage  .   (gloves currently unavailable)
Will    +....      NoTele   +   (boots unavailable)
Stlth   ++........              (no amulet)
HPRegen 0.18/turn               w - ring of willpower
MPRegen 0.14/turn               x - ring of wizardry

@: lethally poisoned (-2 -> -32), tree-form, slowed, studying Crossbows, very
slow
A: stationary, stasis, torment immunity, boosted hp, (beak), (talons 3), nimble
flight
a: no special abilities


You were on level 5 of the Dungeon.
You were a tree.
You visited 1 branch of the dungeon, and saw 5 of its levels.

You collected 243 gold pieces.
You spent 201 gold pieces at shops.


Innate Abilities, Weirdness & Mutations

You are a tree.
Your roots penetrate the ground, keeping you stationary.
You cannot be teleported.
You are immune to unholy pain and torment.
Your maximum health is greatly increased.
Your equipment is partially melded.
((You have a beak for a mouth.))
((You have claws for feet.))
Your magical nature lets you fly swiftly and evasively.


   Skills:
 + Level 2.5 Dodging
 + Level 2.5 Stealth
 + Level 0.8 Unarmed Combat
 + Level 4.8 Spellcasting
 + Level 4.2 Conjurations
 * Level 0.5 Transmutations
 * Level 1.1 Fire Magic
 + Level 6.9 Air Magic
 * Level 1.1 Poison Magic


You had 2 spell levels left.
You knew the following spells:

 Your Spells              Type           Power      Damage    Failure   Level
a - Shock                 Conj/Air       100%       1d9       1%          1
b - Static Discharge      Conj/Air       36%        N/A       1%          2
c - Airstrike             Air            21%        N/A       3%          4
d - Mephitic Cloud        Conj/Pois/Air  28%        N/A       3%          3
e - Ignite Poison         Fire/Tmut/Pois 7%         N/A       12%         3

Your spell library contained the following spells:

 Spells                   Type           Power      Damage    Failure   Level
 Swiftness                Air            43%        N/A       1%          3
 Gell's Gravitas          Tloc           4%         N/A       16%         3
 Lesser Beckoning         Tloc           4%         N/A       16%         3
 Teleport Other           Tloc           4%         N/A       16%         3
 Tukima's Dance           Hex            4%         N/A       16%         3
 Freezing Cloud           Conj/Ice/Air   13%        6-21      32%         5
 Passage of Golubria      Tloc           4%         N/A       45%         4
 Yara's Violent Unravell  Hex/Tmut       2%         3d3       77%         5

Inventory:

Hand Weapons
 d - a +0 dagger {short}
   (You took it off a goblin on level 1 of the Dungeon)
 j - a +0 short sword {short}
   (You took it off a kobold on level 2 of the Dungeon)
 r - a +0 trident {polearm}
   (You took it off an orc on level 3 of the Dungeon)
 v - a +0 war axe {axe}
   (You took it off an orc on level 3 of the Dungeon)
 B - a +0 morningstar {mace}
   (You took it off an orc on level 4 of the Dungeon)
Missiles
 f - 21 arrows
 i - 143 stones {throwing}
 k - 9 poisoned darts {throwing}
 n - 6 boomerangs {throwing}
 s - 3 silver boomerangs {throwing}
Armour
 a - a +0 robe (melded)
 b - a +0 leather armour
   (You found it on level 1 of the Dungeon)
 D - the +2 cloak of the Thief (melded) {*Fog Slay-2 SInv Stlth+}
   (You bought it in a shop on level 4 of the Dungeon)

   It may release a thick cloud of smoke when the wearer is hurt.
   Slay:      It affects your accuracy & damage with ranged weapons and melee
   (-2).
   SInv:      It lets you see invisible.
   Stlth:     It makes you more stealthy.
Magical Staves
 t - a staff of poison {!astaff}
   (You found it on level 3 of the Dungeon)
 z - a staff of air (weapon) {!astaff}
   (You found it on level 4 of the Dungeon)
Jewellery
 e - a ring of see invisible
   (You found it on level 1 of the Dungeon)
 u - a +6 ring of strength
   (You found it on level 3 of the Dungeon)
 w - a ring of willpower (left branch)
   (You found it on level 3 of the Dungeon)
 x - a ring of wizardry (right branch)
   (You found it on level 3 of the Dungeon)
Wands
 p - a wand of paralysis (10)
   (You found it on level 2 of the Dungeon)
 q - a wand of acid (9)
   (You took it off Ijyb on level 3 of the Dungeon)
Scrolls
 g - a scroll of summoning {unknown}
 h - 3 scrolls of identify {unknown}
 l - a scroll of magic mapping {!r}
 o - a scroll of brand weapon {unknown}
 y - a scroll of teleportation {unknown}
Potions
 m - a potion of curing {unknown}
 A - a potion of flight {unknown}
 C - a potion of heal wounds {unknown}

Dungeon Overview and Level Annotations

Branches:
Dungeon (5/15)
 Temple: D:4-7

Altars:
Nemelex Xobeh

Shops:
D:1 *   D:4 [

Annotations:
D:3 Sigmund

+.. #.. #... ##
+... #)..
#...#########..K..
#........§§§..#
+......§§§§§#
#..#.<.§§♣§§#
#....§§§.#
#..........#
##.........#
####.....##
..###... #### ####


There were no monsters in sight!


Message History

😎 MP[-1]
You lost 1 mp, and now have 9/15 mp.
Casting: Shock (safe; 1% risk of failure)
Confirm with . or Enter, or press ? or * to list all spells.
You feel a surge of power!
The ogre is struck by an arc of lightning!
You kill the ogre!
You resist.
You are struck by an arc of lightning.
Your Fire Magic skill increases to level 1!
Your Poison Magic skill increases to level 1! 😕 HP[-1] MP[-1]
You take 1 damage, and now have 35/36 hp.
You lost 1 mp, and now have 8/15 mp.
Things that are here:
a +0 giant club {mace}; an ogre corpse; 😎 HP[+1] MP[+7]
Your hp is fully restored (36).
Your mp is fully restored (15).
You now have 42 gold pieces (gained 15).
Done exploring.
(D) Dungeon
Where to? (? - help)
There is a stone staircase leading down here.
You fly downwards.
There is a stone staircase leading up here.
A kobold comes into view. It is wielding a +2 dagger of draining.
Aiming: Shock (safe; 1% risk of failure)
Press: ? - help, Q - select action, (/) - cycle Shift-Dir - straight line, f - kobold
Aim: a kobold, wielding a +2 dagger of draining (asleep, 100% to hit)
You feel a surge of power!
The zap hits the kobold.
The kobold shouts!
A kobold comes into view.
It is wielding a +0 club and quivering poisoned darts. 😎 MP[-1]
You lost 1 mp, and now have 14/15 mp.
Aiming: Shock (safe; 1% risk of failure)
Press: ? - help, Q - select action, (/) - cycle Shift-Dir - straight line, f/p - kobold
Aim: a kobold, wielding a +2 dagger of draining (heavily wounded, 67% to hit)
You feel a surge of power!
The zap misses the kobold. 😎 MP[-1]
You lost 1 mp, and now have 13/15 mp.
Aiming: Shock (safe; 1% risk of failure)
Press: ? - help, Q - select action, (/) - cycle Shift-Dir - straight line, f/p - kobold
Aim: a kobold, wielding a +2 dagger of draining (heavily wounded, 67% to hit)
You feel a surge of power!
The zap hits the kobold!
You kill the kobold!
A kobold brigand comes into view.
It is wielding a +1 dagger of venom and quivering curare-tipped darts. 😎 MP[-1]
You lost 1 mp, and now have 12/15 mp.
Aiming: Shock (safe; 1% risk of failure)
Press: ? - help, Q - select action, (/) - cycle Shift-Dir - straight line, f - kobold brigand
Aim: a kobold brigand, wielding a +1 dagger of venom and quivering curare-tipped darts (wandering, hasn't noticed you, 67% to hit)
You feel a surge of power!
The zap hits the kobold.
You kill the kobold!
The zap misses the kobold brigand.
The kobold brigand shouts!
The kobold brigand throws a curare-tipped dart.
The curare-tipped dart hits you.
You are poisoned.
You have difficulty breathing.
You feel yourself slow down. 😕 HP[-8] MP[-1]
You take 8 damage, and now have 28/36 hp.
MASSIVE DAMAGE!! (PAUSE)
You lost 1 mp, and now have 11/15 mp.
Aiming: Shock (safe; 1% risk of failure)
Press: ? - help, Q - select action, (/) - cycle Shift-Dir - straight line, f/p - kobold brigand
Aim: a kobold brigand, wielding a +1 dagger of venom and quivering curare-tipped darts (67% to hit)
You feel a surge of power!
The zap hits the kobold brigand.
You feel very sick. 😮 HP[-4] MP[-1]
You take 4 damage, and now have 24/36 hp.
You lost 1 mp, and now have 10/15 mp.
Aiming: Shock (safe; 1% risk of failure)
Press: ? - help, Q - select action, (/) - cycle Shift-Dir - straight line, f/p - kobold brigand
Aim: a kobold brigand, wielding a +1 dagger of venom and quivering curare-tipped darts (lightly wounded, 67% to hit)
You feel a surge of power!
The zap misses the kobold brigand.
You feel very sick.
The kobold brigand throws a curare-tipped dart.
The curare-tipped dart hits you.
You are more poisoned.
You have difficulty breathing.
* * * LOW HITPOINT WARNING * * *
You feel as though you will be slow longer. 😨 HP[-10]
You take 10 damage, and now have 14/36 hp.
MASSIVE DAMAGE!! (PAUSE)
* * * LOW HITPOINT WARNING * * *
You feel very sick.
The kobold brigand throws a curare-tipped dart.
The curare-tipped dart hits you.
You are more poisoned.
You have difficulty breathing.
* * * LOW HITPOINT WARNING * * *
With a swish of your cloak, you release a cloud of fog.
You feel as though you will be slow longer. 😱 HP[-10]
You take 10 damage, and now have 4/36 hp.
MASSIVE DAMAGE!! (PAUSE) It was a potion of lignification.
You turn into a tree.
The +2 cloak of the Thief {*Fog Slay-2 SInv Stlth+} melds into your body.
Your +0 robe melds into your body.
Your roots penetrate the ground.
You die...

Skill      XL: |  1  2  3  4  5  6  7 |
---------------+----------------------+-----
Air Magic      | 5 6 |  6.9
Spellcasting   | 3 4 |  4.8
Conjurations   | 2 3 4 |  4.2
Fire Magic     | 1 |  1.1
Poison Magic   | 1 |  1.1
Dodging        | |  2.5
Stealth        | |  2.5
Unarmed Combat | |  0.8
Transmutations | |  0.5

Action                   |  1- 3 |  4- 6 |  7- 9 || total
-------------------------+-------+-------+-------++-------
Melee: Unarmed           |    10 |       |       ||    10
       Peck              |     2 |       |       ||     2
       Kick              |     1 |       |       ||     1
 Cast: Shock             |    50 |   125 |    32 ||   207
       Static Discharge  |     6 |    18 |     6 ||    30
  Use: Scroll            |       |     1 |       ||     1
       Potion            |       |       |     1 ||     1
Armor: Robe              |     1 |     4 |       ||     5
Dodge: Dodged            |    11 |    15 |     4 ||    30

Levels and vault maps discovered:
D:1:      roderic_chinese_lattice_arrival, layout_basic, serial_shops,
          shop_statue, minmay_misc_feat_four_crosses, minmay_misc_feat_pillars
D:2:      layout_loops_ring, amethyst_killhole, kennysheep_path_1
D:3:      layout_basic, nicolae_overflow_hidden_temple,
          ebering_ecumenical_altar_sacrificial, uniq_sigmund, uniq_ijyb
D:4:      cheibrodos_fertilizer, layout_loops_ring, serial_shops,
          nicolae_shop_temple_entry_statues_fountains, st_stairs_8,
          minmay_manual_moon
D:5:      nicolae_cairo_tiling, layout_rooms, dk_xom_monty_hall,
          amcnicky_mini_corridor_feature, hangedman_minor_gate_pass

Notes
Turn   | Place    | Note
-------+----------+-------------------------------------------
     0 | D:1      | mortz the Tengu Air Elementalist began the quest for the
                  | Orb.
     0 | D:1      | Reached XP level 1. HP: 10/10 MP: 4/4
     0 | D:1      | magus.rc [v1.9.6]
   471 | D:1      | Reached XP level 2. HP: 15/15 MP: 3/6
   644 | D:1      | Found Zadawice's Assorted Antiques.
   811 | D:1      | Learned a level 2 spell: Static Discharge
  1074 | D:2      | Reached XP level 3. HP: 5/19 MP: 1/7
  1421 | D:2      | You add the spells Ignite Poison, Mephitic Cloud and
                  | Freezing Cloud to your library.
  1495 | D:2      | Reached skill level 5 in Air Magic
  1938 | D:2      | Reached XP level 4. HP: 24/24 MP: 7/9
  2333 | D:3      | Noticed Ijyb
  2337 | D:3      | Killed Ijyb
  2580 | D:3      | Reached skill level 3 in Spellcasting
  3095 | D:3      | Found a sparkling altar of Nemelex Xobeh.
  3118 | D:3      | Gained mutation: Your magical nature lets you fly swiftly
                  | and evasively. [Tengu growth]
  3118 | D:3      | Reached XP level 5. HP: 28/28 MP: 7/10
  3190 | D:3      | Noticed Sigmund
  3384 | D:3      | Learned a level 4 spell: Airstrike
  3389 | D:3      | Reached skill level 2 in Conjurations
  3496 | D:3      | magus.rc [v1.9.6]
  3570 | D:3      | Found a faded altar of an unknown god.
  3899 | D:4      | Noticed an ogre
  3944 | D:4      | Found Laoraum's Armour Boutique.
  4043 | D:4      | Reached skill level 4 in Spellcasting
  4043 | D:4      | Reached XP level 6. HP: 32/32 MP: 8/13
  4352 | D:4      | You add the spells Tukima's Dance, Passage of Golubria and
                  | Yara's Violent Unravelling to your library.
  4357 | D:4      | Learned a level 3 spell: Mephitic Cloud
  4360 | D:4      | Reached skill level 3 in Conjurations
  4756 | D:4      | Reached skill level 6 in Air Magic
  5084 | D:4      | Bought the +2 cloak of the Thief {*Fog Slay-2 SInv Stlth+}
                  | for 201 gold pieces
  5084 | D:4      | Found the +2 cloak of the Thief {*Fog Slay-2 SInv Stlth+}
  5098 | D:4      | Reached XP level 7. HP: 35/36 MP: 5/14
  5349 | D:4      | You pick up a book of Displacement and begin reading...
  5349 | D:4      | You add the spells Lesser Beckoning, Gell's Gravitas and
                  | Teleport Other to your library.
  5354 | D:4      | Learned a level 3 spell: Ignite Poison
  5498 | D:4      | magus.rc [v1.9.6]
  5505 | D:4      | Reached skill level 4 in Conjurations
  5999 | D:4      | Reached skill level 1 in Fire Magic
  5999 | D:4      | Reached skill level 1 in Poison Magic
  6079 | D:5      | Entered Level 5 of the Dungeon
  6091 | D:5      | HP: 4/36 [asphyx]
  6092 | D:5      | Succumbed to a kobold brigand's curare-tipped dart

Vanquished Creatures
  An ogre (D:4)
  A phantom (D:4)
  A bullfrog (D:4)
  A scorpion (D:4)
  3 jellies (D:4)
  A hound (D:4)
  Ijyb (D:3)
  A hound skeleton (D:4)
  3 gnolls (D:4)
  8 adders
  An adder zombie (D:4)
  2 worms
  3 dart slugs
  11 orcs
  8 ball pythons
  7 bats
  15 endoplasms
  3 giant cockroaches
  6 goblins
  7 hobgoblins
  2 jackals (D:3)
  2 quokkas
  2 frilled lizards
  16 kobolds
  2 rats
108 creatures vanquished.

Vanquished Creatures (others)
  6 fungi (D:4)
  8 toadstools (D:4)
14 creatures vanquished.

Grand Total: 122 creatures vanquished

Table legend:
 A = Non-vault XP
 B = Vault XP
 C = Vault XP percentage of total XP
 D = Non-vault monster count
 E = Vault monster count
 F = Vault count percentage of total count
                 A         B        C        D         E       F
            +---------+---------+-------+---------+---------+-------
      Total |     631 |     305 |  32.6 |      83 |      25 |  23.1
            +---------+---------+-------+---------+---------+-------
        D:1 |      20 |       0 |   0.0 |      11 |       0 |   0.0
        D:2 |      62 |       0 |   0.0 |      16 |       0 |   0.0
        D:3 |      97 |      32 |  24.8 |      33 |       1 |   2.9
        D:4 |     449 |     273 |  37.8 |      21 |      24 |  53.3
        D:5 |       3 |       0 |   0.0 |       2 |       0 |   0.0
            +---------+---------+-------+---------+---------+-------

Illustrated notes

Table legend:
 A = Kills in this place as a percentage of kills in entire the game.
 B = Kills by you in this place as a percentage of kills by you in the entire game.
 C = Kills by friends in this place as a percentage of kills by friends in the entire game.
 D = Other kills in this place as a percentage of other kills in the entire game.
 E = Experience gained in this place as a percentage of experience gained in the entire game.
 F = Experience gained in this place divided by the number of levels of this place that you have seen.
                   A       B       C       D       E      F
               +-------+-------+-------+-------+-------+----------------------
         Total | 100.0 | 100.0 |   N/A |   N/A | 100.0 | 187.2
       Dungeon | 100.0 | 100.0 |   N/A |   N/A | 100.0 | 187.2
               +-------+-------+-------+-------+-------+----------------------

Table legend: (Time is in decaauts)
 A = Elapsed time spent in this place.
 B = Non-inter-level travel time spent in this place.
 C = Inter-level travel time spent in this place.
 D = Time resting spent in this place.
 E = Time spent auto-exploring this place.
 F = Levels seen in this place.
 G = Mean time per level.
                   A        B        C        D        E       F      G
               +--------+--------+--------+--------+--------+-----+--------+
         Total |   5929 |   5763 |    166 |   1289 |   3639 |   5 | 1185.8 |
       Dungeon |   5929 |   5763 |    166 |   1289 |   3639 |   5 | 1185.8 |
               +--------+--------+--------+--------+--------+-----+--------+

Top non-repeatable levels by time:
     D:4: 2103 daAuts
     D:3: 1452 daAuts
     D:2: 1317 daAuts
     D:1: 1042 daAuts
     D:5: 13 daAuts
